 Dungeon Crawl Stone Soup version 0.31-a0-1098-g6898e6545c (webtiles) character file.

Game seed: 17996200374444444342

171 Dirtsage the Changeling (level 5, -5/35 HPs)
             Began as an Octopode Shapeshifter on Nov 30, 2023.
             Slain by a gnoll
             ... wielding a +0 spear
              (8 damage)
             ... on level 3 of the Dungeon.
             The game lasted 00:02:53 (1618 turns).

Dirtsage the Changeling (Octopode Shapeshifter)     Turns: 1618, Time: 00:02:53

Health: -5/35      AC:  1    Str: 13    XL:     5   Next: 51%
Magic:  5/5        EV: 13    Int: 12    God:
Gold:   136        SH:  0    Dex: 14    Spells: 4/4 levels left

rFire   . .          .
                       - Unarmed
rCold   . . .        (no shield)
rNeg    . . .        (helmet currently unavailable)
rPois   .            (no amulet)
rElec   .            (no ring)
rCorr   .            (no ring)
SInv    .            (no ring)
Will    .....        (no ring)
Stlth   ++           (no ring)
HPRegen 0.25/turn    (no ring)
MPRegen 0.09/turn    (no ring)
                     (no ring)

%: no passive effects
@: beast-form
A: beast (slay +2), almost no armour, amphibious, 8 rings, camouflage 1,
gelatinous body 1, (nimble swimmer 1), tentacles
a: Begin Untransformation


You were on level 3 of the Dungeon.
You were a hulking beast.
You visited 1 branch of the dungeon, and saw 3 of its levels.

You collected 136 gold pieces.

Inventory:

Jewellery
 j - an amulet of the acrobat
Talismans
 b - a beast talisman
 c - a flux talisman
Scrolls
 d - 2 scrolls of brand weapon {unknown}
 e - 2 scrolls of teleportation {unknown}
 f - 2 scrolls of vulnerability {unknown}
 l - a scroll of immolation {unknown}
Potions
 a - a potion of lignification
 g - a potion of ambrosia {unknown}
 h - a potion of might {unknown}
 i - a potion of brilliance {unknown}
 k - a potion of curing {unknown}


   Skills:
 + Level 2.6 Fighting
 - Level 2.0 Dodging
 + Level 3.9 Unarmed Combat
 * Level 4.5 Shapeshifting


You had 4 spell levels left.
You didn't know any spells.
Your spell library was empty.

Dungeon Overview and Level Annotations

Branches:
Dungeon (3/15)

Altars:

Shops:
D:2 ([(


Innate Abilities, Weirdness & Mutations

You are a hulking beast.
Your limbs bulge with bestial killing power. (Slay +2)
You cannot wear most types of armour.
You are amphibious.
You can wear up to eight rings at the same time.
Your skin changes colour to match your surroundings (Stealth+).
Your rubbery body absorbs attacks. (AC +1, EV +1)
((You are camouflaged when in or above water. (Stealth+)))
You have tentacles for arms and can constrict up to eight enemies at once.


Message History

You kill the endoplasm!
A gnoll comes into view. It is wielding a +0 club.
Found a stone staircase leading down.
Health restored: 35
There is a stone staircase leading down here.
The gnoll shouts!
You hear a shout!
The gnoll barely misses you.
A gnoll comes into view. It is wielding a +0 spear.
You tentacle-slap the gnoll. You grab the gnoll.
The gnoll is moderately wounded.
You constrict the gnoll. The gnoll misses you.
You tentacle-slap the gnoll.
The gnoll is heavily wounded.
You constrict the gnoll. The gnoll hits you with a +0 club.
The gnoll hits you from afar with a +0 spear.
You take 9 damage, and have 26/35 hp.
MASSIVE DAMAGE!!
You tentacle-slap the gnoll but do no damage.
The gnoll is heavily wounded.
You constrict the gnoll. The gnoll misses you.
The gnoll hits you from afar with a +0 spear.
You take 6 damage, and have 20/35 hp.
You are too injured to fight recklessly!
You tentacle-slap the gnoll but do no damage.
The gnoll is severely wounded.
You constrict the gnoll. The gnoll barely misses you.
The gnoll closely misses you.
You tentacle-slap the gnoll.
You kill the gnoll!
The gnoll hits you from afar with a +0 spear!
You take 9 damage, and have 12/35 hp.
MASSIVE DAMAGE!!
The gnoll misses you.
Things that are here:
a +0 club; a gnoll corpse You barely miss the gnoll.
Your grab misses the gnoll. The gnoll hits you with a +0 spear!
* * * LOW HITPOINT WARNING * * *
You take 10 damage, and have 2/35 hp.
MASSIVE DAMAGE!!
You closely miss the gnoll. Your grab misses the gnoll.
The gnoll hits you with a +0 spear!
You die...

..########.###.#.#.
..#........#...#.#.
#.########.###.#.
#.# #.# #.#. #>#
#.###.#. #.#
#.....## #.#
#######
#.###.####..
#..gh.!......
#.##.#......#
#.#.###### #...#
#####


You could see a gnoll.

Vanquished Creatures
  Jessica (D:2)
  Natasha (twice) (D:2)
  A gnoll (D:3)
  2 adders
  A worm (D:2)
  2 dart slugs
  An orc (D:3)
  4 bats
  7 endoplasms
  2 giant cockroaches
  3 goblins
  A hobgoblin (D:2)
  9 jackals
  A quokka (D:3)
  7 ball pythons
  3 frilled lizards
  8 kobolds
  6 rats
61 creatures vanquished.

Notes
Turn   | Place    | Note
-------+----------+-------------------------------------------
     0 | D:1      | Dirtsage the Octopode Shapeshifter began the quest for the
                  | Orb.
     0 | D:1      | Reached XP level 1. HP: 13/13 MP: 1/1
    82 | D:1      | Found a faded altar of an unknown god.
    91 | D:1      | Reached XP level 2. HP: 17/18 MP: 2/2
   103 | D:1      | You fall into a shaft and drop 1 floor!
   107 | D:2      | Found Fonwo's Armour Emporium.
   248 | D:2      | Found Untyucsu's Antique Weapon Shop.
   289 | D:2      | Reached XP level 3. HP: 19/23 MP: 3/3
   314 | D:2      | Found Heam's Antique Weapon Shoppe.
   329 | D:2      | Noticed Jessica
   335 | D:2      | Killed Jessica
   430 | D:1      | Reached XP level 4. HP: 26/29 MP: 4/4
   721 | D:1      | Reached skill level 4 in Shapeshifting
   970 | D:2      | Noticed Natasha
   983 | D:2      | Killed Natasha
  1120 | D:2      | Noticed Natasha
  1126 | D:2      | Killed Natasha
  1127 | D:2      | Reached XP level 5. HP: 33/35 MP: 5/5
  1618 | D:3      | Slain by a gnoll

Illustrated notes

Levels and vault maps discovered:
D:1:      dpeg_arrival_oval, layout_basic, ebering_ecumenical_altar_mist
D:2:      layout_rooms, serial_shops, shop, shop, shop, uniq_natasha,
          uniq_jessica
D:3:      layout_basic, minmay_hedge_maze

Skill      XL: |  1  2  3  4 |
---------------+-------------+-----
Fighting       | 2 |  2.6
Shapeshifting  | 4 |  4.5
Dodging        | |  2.0
Unarmed Combat | |  3.9

Action                     |  1- 3 |  4- 6 || total
---------------------------+-------+-------++-------
  Melee: Unarmed           |    48 |    69 ||   117
         Constrict         |    11 |    11 ||    22
         Punch             |     3 |     1 ||     4
         Tentacles         |     8 |    13 ||    21
   Stab: Sleeping          |     1 |     4 ||     5
         Distracted        |     1 |     2 ||     3
 Armour: Skin              |    17 |    31 ||    48
  Dodge: Dodged            |    30 |    34 ||    64

Table legend: (Time is in decaauts)
 A = Elapsed time spent in this place.
 B = Non-inter-level travel time spent in this place.
 C = Inter-level travel time spent in this place.
 D = Time resting spent in this place.
 E = Time spent auto-exploring this place.
 F = Levels seen in this place.
 G = Mean time per level.
                   A        B        C        D        E       F      G
               +--------+--------+--------+--------+--------+-----+--------+
         Total |   1608 |   1546 |     62 |      0 |   1242 |   3 |  536.0 |
       Dungeon |   1608 |   1546 |     62 |      0 |   1242 |   3 |  536.0 |
               +--------+--------+--------+--------+--------+-----+--------+

Top non-repeatable levels by time:
     D:1: 617 daAuts
     D:2: 593 daAuts
     D:3: 398 daAuts
